 Dungeon Crawl Stone Soup version 0.28.0-53-g5a82cb258f (webtiles) character file.

Game seed: 14320941573081871744

9937 gobodom the Cruncher (level 11, -1/97 HPs)
             Began as a Minotaur Gladiator on June 22, 2022.
             Slain by Urug
             ... wielding a +2 broad axe
              (16 damage)
             ... on level 11 of the Dungeon.
             The game lasted 01:01:48 (10598 turns).

gobodom the Cruncher (Minotaur Gladiator)          Turns: 10598, Time: 01:01:49

Health: -1/97      AC: 23    Str: 18    XL:     11   Next: 29%
Magic:  0/22       EV:  7    Int:  7    God:
Gold:   633        SH:  0    Dex: 12    Spells: 13/15 levels left

rFire   . . .      SeeInvis .   q - +4 quarterstaff (chaos)
rCold   . . .      Faith    .   (shield currently unavailable)
rNeg    . . .      Spirit   +   t - +5 plate armour of Generosity {Harm rPois rCorr Str-3}
rPois   +          Reflect  .   c - +0 hat
rElec   .          Harm     +   r - +1 cloak
rCorr   +          Rampage  .   (no gloves)
Will    .....                   (no boots)
Stlth   ..........              b - amulet of guardian spirit
HPRegen 1.06/turn               m - ring of magical power
MPRegen 0.18/turn               (no ring)

@: no status effects
A: horns 2, retaliatory headbutt, iridescent scales 1, regeneration 1, screaming
1
a: no special abilities


You were on level 11 of the Dungeon.
You visited 1 branch of the dungeon, and saw 11 of its levels.

You collected 659 gold pieces.
You spent 26 gold pieces at shops.

Inventory:

Hand Weapons
 q - a +4 quarterstaff of chaos (weapon)
 x - a +2 flail of holy wrath
 F - a +3 halberd
 G - a +3 spear of flaming
 I - a +1 whip of electrocution
 O - a +0 scimitar of flaming
 Q - a +2 whip of venom
Missiles
 g - 4 boomerangs (quivered)
 o - 16 poisoned darts
 H - a throwing net
 M - 3 atropa-tipped darts
Armour
 c - a +0 hat (worn)
 l - a +1 chain mail of poison resistance
 r - a +1 cloak (worn)
 t - the +5 plate armour of Generosity (worn) {Harm rPois rCorr Str-3}
   (You found it on level 3 of the Dungeon)

   Str:       It affects your strength (-3).
   rPois:     It protects you from poison.
   rCorr:     It protects you from acid and corrosion.
   Harm:      It increases damage dealt and taken.
 B - a +3 leather armour of cold resistance
 C - a +0 leather armour of fire resistance
 E - a +0 robe of fire resistance
 P - a +2 robe of willpower
Magical Staves
 p - a staff of death
Jewellery
 b - an amulet of guardian spirit (around neck)
 m - a ring of magical power (left hand)
Wands
 f - a wand of iceblast (4)
 j - a wand of flame (14)
 y - a wand of charming (14)
 N - a wand of polymorph (3)
Scrolls
 e - a scroll of brand weapon
 h - 2 scrolls of amnesia
 n - 2 scrolls of fog
 v - 3 scrolls of identify
 A - 2 scrolls of teleportation
 J - a scroll of fear
 K - a scroll of vulnerability
Potions
 a - 2 potions of lignification
 k - a potion of might
 s - 3 potions of flight
 u - 2 potions of ambrosia
 z - 3 potions of haste
 D - a potion of cancellation
 L - a potion of berserk rage {unknown}


   Skills:
 + Level 9.1 Fighting
 + Level 1.5 Long Blades
 + Level 5.7 Axes
 + Level 10.7 Staves
 + Level 6.1 Throwing
 + Level 9.6 Armour
 + Level 4.4 Dodging
 + Level 2.1 Stealth
 + Level 2.5 Spellcasting
 + Level 1.8 Hexes
 + Level 3.5 Necromancy
 + Level 1.2 Evocations


You had 13 spell levels left.
You knew the following spells:

 Your Spells              Type           Power      Damage    Failure   Level
b - Animate Skeleton      Necr           10%        N/A       89%         1
c - Pain                  Necr           20%        1d5       89%         1

Your spell library contained the following spells:

 Spells                   Type           Power      Damage    Failure   Level
 Sublimation of Blood     Necr           5%         N/A       96%         2
 Vampiric Draining        Necr           5%         2d6       99%         3
 Scorch                   Fire           0%         2d5       100%        2
 Wereblood                Tmut           0%         N/A       100%        2
 Confusing Touch          Hex            3%         N/A       100%        3
 Flame Wave               Conj/Fire      0%         2d4       100%        4
 Yara's Violent Unravell  Hex/Tmut       1%         3d3       100%        5
 Summon Cactus Giant      Summ           0%         N/A       100%        6
 Enfeeble                 Hex            1%         N/A       100%        7
 Summon Hydra             Summ           0%         N/A       100%        7


Dungeon Overview and Level Annotations

Branches:
Dungeon (11/15)            Temple (0/1) D:4            Lair (0/6) D:11
    Orc (0/2) D:9

Altars:
Ashenzari
Fedhas
Gozag
Hepliaklqana
Kikubaaqudgha
Makhleb
Nemelex Xobeh
Okawaru
Ru
Sif Muna
Wu Jian
Zin
Beogh

Shops:
D:4 ?   D:10 [   D:11 :

Annotations:
D:11 Urug


Innate Abilities, Weirdness & Mutations

You have a pair of horns on your head.
You reflexively headbutt those who attack you in melee.
You are partially covered in iridescent scales. (AC +2)
Your natural rate of healing is unusually fast.
You occasionally shout uncontrollably at your foes.


Message History

You hit Urug but do no damage. Your headbutt misses Urug.
Urug is heavily wounded.
Urug hits you with a +2 broad axe!
You hit Urug. You headbutt Urug.
Urug is heavily wounded.
Urug hits you but does no damage.
You barely miss Urug. Your headbutt misses Urug.
Urug is heavily wounded.
Urug hits you with a +2 broad axe.
You hit Urug but do no damage.
Space warps around Urug.
Urug is severely wounded.
Urug hits you but does no damage.
You thump Urug! You burn Urug. You headbutt Urug, but do no damage.
Urug is almost dead.
Urug hits you with a +2 broad axe. Urug hits you with a +2 broad axe!
You hit Urug but do no damage. You drain Urug.
You headbutt Urug, but do no damage.
Urug is almost dead.
Urug hits you but does no damage.
You hit Urug but do no damage.
Urug flickers and vanishes!
Deactivating autopickup; reactivate with Ctrl-A.
Something hits you!
* * * LOW HITPOINT WARNING * * *
You hit something but do no damage. Your headbutt misses something.
Something hits you!
* * * LOW HITPOINT WARNING * * *
You feel much better. Something hits you!
* * * LOW HITPOINT WARNING * * *
You closely miss something. Something hits you but does no damage.
You closely miss something. You headbutt something. Something hits you.
* * * LOW HITPOINT WARNING * * *
You barely miss something. Something hits you.
* * * LOW HITPOINT WARNING * * *
Something hits you but does no damage.
You hit something but do no damage. Your headbutt misses something.
Something hits you but does no damage.
You hit something.
Nothing appears to happen.
Something hits you.
* * * LOW HITPOINT WARNING * * *
You feel better. Something hits you!
You die...

.)......####...........
##......# #†........#
#......# #.........#
#......# #.........#
#......# #.........#
#......# #.........#
#...<..# #...((.(..#
#......# #.........#
#......# #...{@....#
#.........# #.........#
#.......).#
...........#
...........(#
.............
####..........


There were no monsters in sight!

Vanquished Creatures
  A hydra (D:11)
  3 two-headed ogres
  Erica (D:11)
  4 slime creatures (D:7)
  A rime drake (D:7)
  A shadow (D:10)
  3 vampires
  A wyvern (D:10)
  3 yaks (D:11)
  3 wraiths
  Eustachio (D:4)
  2 water moccasins
  4 orc warriors
  A black bear (D:7)
  4 necrophages
  An ogre (D:5)
  A sky beast (D:8)
  2 phantoms
  2 centaurs
  A kobold brigand (D:11)
  4 bullfrogs
  A gnoll sergeant (D:9)
  A wyvern zombie (D:7)
  2 scorpions
  2 water moccasin zombies (D:5)
  14 killer bees
  A bullfrog zombie (D:5)
  A jelly (D:6)
  Crazy Yiuf (D:2)
  5 orc priests
  A gnoll shaman (D:5)
  3 iguanas
  6 orc wizards
  Terence (D:2)
  2 killer bee zombies
  A hound skeleton (D:4)
  Robin (D:2)
  A howler monkey skeleton (D:4)
  20 gnolls
  2 adders (D:6)
  A shadow imp (D:7)
  3 worms
  A dart slug (D:4)
  34 orcs
  5 endoplasms
  4 giant cockroaches (D:1)
  16 goblins
  9 hobgoblins
  4 jackals (D:1)
  6 quokkas
  5 ball pythons
  6 bats (D:1)
  4 frilled lizards
  8 kobolds
  2 rats
218 creatures vanquished.

Vanquished Creatures (collateral kills)
  A gnoll sergeant (D:5)
  A gnoll (D:5)
2 creatures vanquished.

Vanquished Creatures (others)
  3 killer bees
3 creatures vanquished.

Grand Total: 223 creatures vanquished

Notes
Turn   | Place    | Note
-------+----------+-------------------------------------------
     0 | D:1      | gobodom the Minotaur Gladiator began the quest for the Orb.
     0 | D:1      | Reached XP level 1. HP: 18/18 MP: 0/0
   206 | D:1      | Reached XP level 2. HP: 25/25 MP: 1/1
   432 | D:1      | Reached XP level 3. HP: 25/30 MP: 2/2
   740 | D:1      | Found a faded altar of an unknown god.
   862 | D:2      | Noticed Terence
   875 | D:2      | Killed Terence
   952 | D:2      | Reached skill level 5 in Axes
  1040 | D:2      | Noticed Robin
  1047 | D:2      | Reached XP level 4. HP: 31/37 MP: 3/3
  1057 | D:2      | Killed Robin
  1200 | D:2      | Reached skill level 1 in Armour
  1430 | D:2      | Learned a level 3 spell: Confusing Touch
  2095 | D:2      | Found a runed translucent door.
  2096 | D:2      | Noticed Crazy Yiuf
  2139 | D:2      | Killed Crazy Yiuf
  2368 | D:3      | Reached XP level 5. HP: 43/45 MP: 4/4
  2403 | D:3      | Identified the +5 plate armour of Generosity {Harm rPois
                  | rCorr Str-3}
  2827 | D:4      | Noticed Eustachio
  2852 | D:4      | Killed Eustachio
  2853 | D:4      | Reached skill level 1 in Staves
  2853 | D:4      | Reached XP level 6. HP: 19/51 MP: 6/6
  3159 | D:4      | Found Loofoza's Magic Scroll Shoppe.
  3167 | D:4      | Bought a scroll of identify for 26 gold pieces
  3234 | D:4      | Reached skill level 2 in Staves
  3239 | D:4      | Found a staircase to the Ecumenical Temple.
  3592 | D:5      | Entered Level 5 of the Dungeon
  3835 | D:5      | Found an iron altar of Okawaru.
  3838 | D:5      | Found a sacrificial altar of Ru.
  3841 | D:5      | Found a broken altar of Ashenzari.
  3844 | D:5      | Found a shimmering blue altar of Sif Muna.
  3991 | D:5      | Reached skill level 1 in Spellcasting
  3991 | D:5      | Reached skill level 1 in Hexes
  3997 | D:5      | Reached skill level 3 in Staves
  4152 | D:5      | Reached XP level 7. HP: 53/58 MP: 7/7
  4474 | D:5      | Reached skill level 4 in Staves
  4773 | D:5      | Found an opulent altar of Gozag.
  4897 | D:5      | Reached skill level 1 in Evocations
  4922 | D:5      | Reached XP level 8. HP: 32/66 MP: 9/9
  5296 | D:6      | Reached skill level 5 in Staves
  5326 | D:6      | Reached skill level 5 in Armour
  5418 | D:6      | Learned a level 1 spell: Animate Skeleton
  5420 | D:6      | Learned a level 1 spell: Pain
  5538 | D:6      | Reached skill level 5 in Fighting
  5538 | D:6      | Reached skill level 6 in Staves
  5714 | D:6      | Found an ancient bone altar of Kikubaaqudgha.
  5722 | D:6      | Found a burning altar of Makhleb.
  5723 | D:6      | Found a sparkling altar of Nemelex Xobeh.
  5724 | D:6      | Found an ornate altar of the Wu Jian Council.
  5726 | D:6      | Found a hazy altar of Hepliaklqana.
  5727 | D:6      | Found a blossoming altar of Fedhas.
  6165 | D:7      | Noticed a slime creature
  6169 | D:7      | Noticed a slime creature
  6175 | D:7      | Noticed a slime creature
  6176 | D:7      | Noticed a slime creature
  6176 | D:7      | Noticed a slime creature
  6205 | D:7      | Reached skill level 1 in Necromancy
  6341 | D:7      | Killed a large slime creature
  6342 | D:7      | Reached skill level 7 in Staves
  6342 | D:7      | Reached XP level 9. HP: 9/74 MP: 10/10
  6708 | D:7      | Reached skill level 1 in Stealth
  6922 | D:7      | Killed a large slime creature
  6923 | D:7      | Reached skill level 8 in Staves
  7090 | D:7      | Gained mutation: You occasionally shout uncontrollably at
                  | your foes. [mutagenic glow]
  7100 | D:7      | Gained mutation: You are dopey. (Int -2) [mutagenic glow]
  7108 | D:7      | Gained mutation: You are clumsy. (Dex -2) [mutagenic glow]
  7115 | D:7      | Gained mutation: You are weak. (Str -2) [mutagenic glow]
  7201 | D:7      | Gained mutation: You are frail. (-10% HP) [mutagenic glow]
  7202 | D:7      | Lost mutation: You are clumsy. (Dex -2) [potion of
                  | mutation]
  7202 | D:7      | Lost mutation: You are weak. (Str -2) [potion of mutation]
  7202 | D:7      | Gained mutation: You are partially covered in iridescent
                  | scales. (AC +2) [potion of mutation]
  7202 | D:7      | Lost mutation: You are dopey. (Int -2) [potion of mutation]
  7202 | D:7      | Gained mutation: Your natural rate of healing is unusually
                  | fast. [potion of mutation]
  7202 | D:7      | Lost mutation: You are frail. (-10% HP) [potion of
                  | mutation]
  7367 | D:7      | Noticed Joseph
  7388 | D:7      | Noticed Joseph
  7388 | D:7      | Joseph changed into Joseph the rime drake
  7390 | D:7      | Killed Joseph the rime drake
  7391 | D:7      | Reached XP level 10. HP: 69/86 MP: 12/12
  7508 | D:7      | Found a glowing silver altar of Zin.
  8477 | D:9      | Reached skill level 9 in Staves
  8562 | D:9      | Noticed a two-headed ogre
  8587 | D:9      | Killed a two-headed ogre
  8627 | D:9      | Found a staircase to the Orcish Mines.
  8817 | D:9      | Reached skill level 5 in Throwing
  9475 | D:10     | Entered Level 10 of the Dungeon
  9486 | D:10     | Reached skill level 10 in Staves
  9609 | D:10     | Noticed a two-headed ogre
  9629 | D:10     | Killed a two-headed ogre
  9889 | D:10     | Found Ywkixt's Specialty Armours.
 10090 | D:11     | Noticed Erica
 10101 | D:11     | Killed Erica
 10102 | D:11     | Reached XP level 11. HP: 83/95 MP: 13/13
 10138 | D:11     | Found a staircase to the Lair.
 10152 | D:11     | Found Catotef's Book Shop.
 10189 | D:11     | Noticed an eight-headed hydra
 10199 | D:11     | Killed a five-headed hydra
 10406 | D:11     | Noticed a two-headed ogre
 10427 | D:11     | Killed a two-headed ogre
 10428 | D:11     | Reached skill level 1 in Long Blades
 10570 | D:11     | Noticed Urug
 10598 | D:11     | Slain by Urug

Illustrated notes

Levels and vault maps discovered:
D:1:      scummos_arrival_checkerplants, layout_loops_ring,
          shapermc_ecumenical_altar_mp_vishouse
D:2:      minmay_door_path, layout_basic, hangedman_decor_lopped,
          uniq_crazy_yiuf_cottage, uniq_terence, uniq_robin
D:3:      layout_basic
D:4:      layout_gridville, minmay_temple_entry_large_hall, serial_shops,
          nicolae_shop_crystal, uniq_eustachio
D:5:      layout_loops_corners, old_standard_altar,
          grunt_temple_overflow_cloverleaf
D:6:      layout_basic, minitemple
D:7:      layout_rooms, mainiacjoe_overflow_cross_hatched, uniq_joseph
D:8:      layout_loops_cross, hangedman_decor_opposing
D:9:      layout_stronghold, minmay_orc_entry_temple_small, grunt_decor_clamped,
          hex_large
D:10:     nicolae_BIG_FREAKIN_CUBE, layout_rooms, grunt_ministairs_12,
          nicolae_barding_shop
D:11:     minmay_polygon_palace, layout_long_grid, lair_entry_dummy,
          serial_shops, shop, okawaru_humans, uniq_fannar, uniq_urug, uniq_erica

Skill      XL: |  1  2  3  4  5  6  7  8  9 10 11 |
---------------+----------------------------------+-----
Axes           | 4 5 |  5.7
Fighting       | 3 4 5 7 8 9 |  9.1
Armour         | 1 2 3 4 6 7 8 9 |  9.6
Staves         | 1 3 4 7 8 10 | 10.7
Spellcasting   | 1 2 |  2.5
Hexes          | 1 |  1.8
Dodging        | 4 |  4.4
Evocations     | 1 |  1.2
Throwing       | 3 4 6 |  6.1
Necromancy     | 1 3 |  3.5
Stealth        | 1 2 |  2.1
Long Blades    | 1 |  1.5

Action                   |  1- 3 |  4- 6 |  7- 9 | 10-12 || total
-------------------------+-------+-------+-------+-------++-------
Melee: War axe           |    75 |    32 |       |       ||   107
       Headbutt          |    10 |    14 |    33 |    48 ||   105
       Quarterstaff      |       |    83 |   220 |   205 ||   508
       Punch             |       |     1 |       |       ||     1
       Scimitar          |       |       |       |    25 ||    25
Throw: Throwing net      |     3 |       |       |       ||     3
       Javelin           |       |     3 |     8 |    13 ||    24
       Boomerang         |       |       |    30 |     1 ||    31
       Dart              |       |       |       |    41 ||    41
 Cast: Animate Skeleton  |       |       |     1 |       ||     1
Evoke: Wand              |       |     5 |     8 |       ||    13
  Use: Scroll            |       |     7 |     5 |    13 ||    25
       Potion            |       |     3 |     4 |     3 ||    10
 Stab: Held in net/web   |     1 |       |       |       ||     1
       Paralysed         |       |       |     5 |       ||     5
       Confused          |       |       |     2 |     1 ||     3
Armor: Leather armour    |    30 |       |       |       ||    30
       Chain mail        |    11 |    16 |       |       ||    27
       Plate armour      |       |    78 |   191 |   204 ||   473
Dodge: Dodged            |    49 |    41 |    85 |    80 ||   255
